 Dungeon Crawl Stone Soup version 0.28-a0-987-g8383568036 (webtiles) character file.

Game seed: 9802600605018458120

46 Lavandula the Bolt Thrower (level 3, -26/31 HPs)
             Began as a Naga Arcane Marksman on Dec 4, 2021.
             Killed from afar by Ijyb (28 damage)
             ... with a bolt of acid
             ... on level 3 of the Dungeon.
             The game lasted 00:02:36 (1659 turns).

Lavandula the Bolt Thrower (Naga Arcane Marksman)   Turns: 1659, Time: 00:02:37

Health: -26/31     AC:  2    Str: 14    XL:     3   Next: 68%
Magic:  4/4        EV:  9    Int: 13    God:
Gold:   100        SH:  0    Dex: 11    Spells: 0/4 levels left

rFire   . . .      SeeInvis +   n - +0 spear
rCold   . . .      Faith    .   (no shield)
rNeg    + . .      Spirit   .   b - +0 leather armour {rN+}
rPois   +          Reflect  .   (no helmet)
rElec   .          Harm     .   (no cloak)
rCorr   .          Rampage  .   (no gloves)
Will    .....                   (no barding)
Stlth   +.........              (no amulet)
HPRegen 0.10/turn               (no ring)
MPRegen 0.09/turn               (no ring)

@: mighty, short of breath, very slow
A: AC +1, large, see invisible, deformed body, poison resistance, slowness 2,
spit poison 1, naga tail 1
a: Spit Poison


You were on level 3 of the Dungeon.
You visited 1 branch of the dungeon, and saw 3 of its levels.

You collected 100 gold pieces.

Inventory:

Hand Weapons
 a - a +0 hand crossbow
 f - a +0 dagger
 m - a +0 trident
 n - a +0 spear (weapon)
Missiles
 c - 14 bolts
Armour
 b - a +0 leather armour of positive energy (worn)
 d - a +0 robe
Scrolls
 e - 3 scrolls of identify {unknown}
 l - a scroll of enchant armour {unknown}
 p - a scroll of teleportation {unknown}
 q - a scroll of brand weapon {unknown}
 r - a scroll of enchant weapon {unknown}
Potions
 g - 2 potions of degeneration {unknown}
 h - a potion of heal wounds {unknown}
 i - 2 potions of attraction {unknown}
 j - 2 potions of curing {unknown}
 k - 2 potions of haste {unknown}
 o - 2 potions of might


   Skills:
 - Level 1.0 Fighting
 + Level 3.5 Crossbows
 - Level 1.5 Dodging
 - Level 1.0 Spellcasting
 - Level 3.0 Hexes


You couldn't memorise any spells.
You knew the following spells:

 Your Spells              Type           Power      Damage    Failure   Level
a - Slow                  Hex            32%        N/A       11%         1
b - Inner Flame           Hex/Fire       4%         N/A       50%         3

Your spell library contained the following spells:

 Spells                   Type           Power      Damage    Failure   Level
 Portal Projectile        Hex/Tloc       8%         N/A       50%         3
 Cause Fear               Hex            4%         N/A       71%         4


Dungeon Overview and Level Annotations

Branches:
Dungeon (3/15)

Altars:

Annotations:
D:3 Ijyb


Innate Abilities, Weirdness & Mutations

Your serpentine skin is tough. (AC +1)
You have supernaturally acute eyesight. (SInv)
Armour fits poorly on your strangely shaped body.
Your system is resistant to poisons. (rPois)
You cover ground very slowly.
You can spit poison.
You have a snake-like lower body.


Message History

You aren't carrying any items that you can evoke.
Unknown command.
Press: ? - help, Shift-Dir - straight line, f - Ijyb
Aim: Ijyb, wielding a +0 dagger, wearing a +0 ring mail and carrying a wand of acid (8)
The splash of poison hits Ijyb but does no damage.
Unknown command.
It was a potion of might.
You feel very mighty all of a sudden.
n - a +0 spear (weapon)
Ijyb zaps a wand.
The bolt of acid misses you.
Unknown command.
You closely miss Ijyb. Ijyb hits you with a +0 dagger.
Unknown command.
You barely miss Ijyb. Ijyb barely misses you.
Unknown command.
You puncture Ijyb!
Ijyb is moderately wounded.
Ijyb hits you with a +0 dagger.
* * * LOW HITPOINT WARNING * * *
Unknown command.
You barely miss Ijyb.
Ijyb is moderately wounded.
You have got your breath back.
Ijyb completely misses you.
Unknown command.
You closely miss Ijyb.
Ijyb is moderately wounded.
Ijyb misses you.
Unknown command.
Press: ? - help, Shift-Dir - straight line, f/p - Ijyb
Aim: Ijyb, wielding a +0 dagger, wearing a +0 ring mail and carrying a wand of acid (7) (moderately wounded)
The splash of poison misses Ijyb.
Ijyb hits you with a +0 dagger.
* * * LOW HITPOINT WARNING * * *
Unknown command.
Okay, then.
You hit Ijyb but do no damage.
Ijyb is moderately wounded.
Ijyb zaps a wand.
The bolt of acid hits you!!
Ouch! That really hurt!
You die...

### ## #.. .#
#.# .# ... #.#
.# #..#
##.###g#
...####....@.#
#........#####
#...###.##
#...##..#
#...##..###
#.##.>.......#
.....#.#..####
..(........#
...##.###.<#


You could see Ijyb.

Vanquished Creatures
  An adder (D:2)
  A worm (D:2)
  A dart slug (D:1)
  2 bats (D:2)
  3 endoplasms
  2 giant cockroaches
  3 goblins
  4 hobgoblins
  A jackal (D:1)
  2 kobolds (D:1)
  5 ball pythons
  2 frilled lizards (D:2)
  2 rats (D:2)
29 creatures vanquished.

Notes
Turn   | Place    | Note
-------+----------+-------------------------------------------
     0 | D:1      | Lavandula the Naga Arcane Marksman began the quest for the
                  | Orb.
     0 | D:1      | Reached XP level 1. HP: 18/18 MP: 2/2
   208 | D:1      | Reached XP level 2. HP: 24/25 MP: 3/3
  1142 | D:2      | Reached XP level 3. HP: 31/31 MP: 4/4
  1146 | D:2      | Learned a level 3 spell: Inner Flame
  1384 | D:2      | Found a faded altar of an unknown god.
  1649 | D:3      | Noticed Ijyb
  1659 | D:3      | Killed from afar by Ijyb

Illustrated notes

Levels and vault maps discovered:
D:1:      dpeg_arrival_brainrot, layout_loops_corners
D:2:      layout_rooms, shapermc_ecumenical_altar_venn
D:3:      layout_basic, nicolae_uskayaw_murder_on_the_dancefloor, serial_shops,
          nicolae_shop_bloodbath_and_beyond, kennysheep_generic_room_7,
          uniq_natasha, uniq_ijyb

Skill      XL: |  1  2 |
---------------+-------+-----
Crossbows      | 2 3 |  3.5
Fighting       | |  1.0
Dodging        | |  1.5
Spellcasting   | |  1.0
Hexes          | |  3.0

Action                   || total
-------------------------++-------
Melee: Spear             ||     6
 Fire: Hand crossbow     ||    55
 Abil: Spit Poison       ||    17
  Use: Potion            ||     1
Armor: Leather armour    ||     5
Dodge: Dodged            ||     9

Table legend: (Time is in decaauts)
 A = Elapsed time spent in this place.
 B = Non-inter-level travel time spent in this place.
 C = Inter-level travel time spent in this place.
 D = Time resting spent in this place.
 E = Time spent auto-exploring this place.
 F = Levels seen in this place.
 G = Mean time per level.
                   A        B        C        D        E       F      G
               +--------+--------+--------+--------+--------+-----+--------+
         Total |   2210 |   2048 |    162 |      0 |   1788 |   3 |  736.7 |
       Dungeon |   2210 |   2048 |    162 |      0 |   1788 |   3 |  736.7 |
               +--------+--------+--------+--------+--------+-----+--------+

Top non-repeatable levels by time:
     D:1: 1401 daAuts
     D:2: 768 daAuts
     D:3: 40 daAuts
